TOP OF THE 1ST |
Bristol Pirates batting - Pitching for Philadelphia (APP) Phillies : RHP Si-dao Xia
|
Pitching: RHP Si-dao Xia
|
|
Batting: RHB Pete Hutton
|
0-0: Ball 1-0: Swinging Strike 1-1: Ground out 4-3 (Groundball, 4, EV 78.8 MPH)
|
Batting: RHB Randy Bergman
|
0-0: DOUBLE (Line Drive, 78XD, EV 101.2 MPH)
|
Batting: LHB Randy Boone
|
0-0: Ball 1-0: Ball 2-0: Called Strike 2-1: Called Strike 2-2: Ground out U3 (Groundball, 3L, EV 81.9 MPH) Randy Bergman to third
|
Batting: RHB Etsuro Hosokawa
|
0-0: Ball Wild Pitch! Randy Bergman scores 1-0: Foul Ball, location: 2F 1-1: Ball 2-1: Ball 3-1: Foul Ball, location: 2F 3-2: Base on Balls
|
Batting: LHB Tomohiro Yokoyama
|
0-0: Ball Etsuro Hosokawa is caught stealing 2nd base 2-6
|
Top of the 1st over - 1 run, 1 hit, 0 errors, 0 left on base; Bristol 1 - Philadelphia (APP) 0 |
BOTTOM OF THE 1ST |
Philadelphia (APP) Phillies batting - Pitching for Bristol Pirates : RHP Joe Simanton
|
Pitching: RHP Joe Simanton
|
|
Batting: LHB Jonathan Roman
|
0-0: Called Strike 0-1: Ball 1-1: Swinging Strike 1-2: Ball 2-2: Foul Ball, location: 2F 2-2: Ball 3-2: DOUBLE (Line Drive, 9LM, EV 106.9 MPH)
|
Batting: LHB Matt Urbanek
|
0-0: Ball 1-0: Foul Ball, location: 2F 1-1: Ball 2-1: Foul Ball, location: 2F 2-2: Strikes out looking
|
Batting: SHB Marco de Leon
|
0-0: Ball 1-0: Reached on error, E2 (Groundball, 2L, EV 70.0 MPH) Jonathan Roman scores
|
Batting: RHB Mike Bell
|
0-0: Ball 1-0: Called Strike 1-1: SINGLE (Groundball, 13S, EV 76.2 MPH) (infield hit) Marco de Leon to third
|
Batting: RHB Eduardo Calderon
|
0-0: Called Strike 0-1: Ball 1-1: Ball 2-1: Ball 3-1: Base on Balls Mike Bell to second
|
Batting: RHB Danny Habermehl
|
0-0: Called Strike 0-1: Fly out, F7 (Flyball, 7D, EV 96.2 MPH) Runner from 3rd tags up, SCORES, no throw by LF
|
Batting: RHB Gary Sampson
|
0-0: Ball 1-0: Called Strike 1-1: Ball 2-1: Swinging Strike 2-2: Strikes out swinging
|
Bottom of the 1st over - 2 runs, 2 hits, 1 error, 2 left on base; Bristol 1 - Philadelphia (APP) 2 |
TOP OF THE 2ND |
Bristol Pirates batting - Pitching for Philadelphia (APP) Phillies : RHP Si-dao Xia
|
Batting: LHB Tomohiro Yokoyama
|
0-0: Ball 1-0: Ball 2-0: Called Strike 2-1: Foul Ball, location: 2F 2-2: Foul Ball, location: 2F 2-2: Strikes out swinging
|
Batting: RHB Jaime Dubicki
|
0-0: Called Strike 0-1: SINGLE (Groundball, 34D, EV 97.5 MPH)
|
Batting: LHB Joe Wise
|
0-0: Fly out, F5 (Popup, 5SF, EV 83.1 MPH)
|
Batting: RHB Andrew DeRicco
|
0-0: Ball 1-0: Called Strike 1-1: Ball 2-1: Ball 3-1: Called Strike 3-2: Strikes out looking
|
Top of the 2nd over - 0 runs, 1 hit, 0 errors, 1 left on base; Bristol 1 - Philadelphia (APP) 2 |
BOTTOM OF THE 2ND |
Philadelphia (APP) Phillies batting - Pitching for Bristol Pirates : RHP Joe Simanton
|
Batting: RHB Juan Valadez
|
0-0: Ball 1-0: Called Strike 1-1: Ball 2-1: Ground out 6-3 (Groundball, 6, EV 79.4 MPH)
|
Batting: RHB Allen Deschamps
|
0-0: Ball 1-0: Ball 2-0: Called Strike 2-1: Ball 3-1: Base on Balls
|
Batting: LHB Jonathan Roman
|
0-0: Fly out, F7 (Line Drive, 7, EV 96.9 MPH)
|
Batting: LHB Matt Urbanek
|
0-0: Ground out U3 (Groundball, 3, EV 100.6 MPH)
|
Bottom of the 2nd over - 0 runs, 0 hits, 0 errors, 1 left on base; Bristol 1 - Philadelphia (APP) 2 |
TOP OF THE 3RD |
Bristol Pirates batting - Pitching for Philadelphia (APP) Phillies : RHP Si-dao Xia
|
Batting: RHB Gilberto Victoria
|
0-0: Called Strike 0-1: Foul Ball, location: 2F 0-2: Strikes out swinging
|
Batting: RHB Pete Hutton
|
0-0: Called Strike 0-1: Ball 1-1: Foul Ball, location: 2F 1-2: Ball 2-2: Ground out 4-3 (Groundball, 4, EV 84.4 MPH)
|
Batting: RHB Randy Bergman
|
0-0: Ball 1-0: Ball 2-0: Ball 3-0: Base on Balls
|
Batting: LHB Randy Boone
|
0-0: Ball 1-0: Called Strike 1-1: Fielders Choice at 2nd, U6 (Groundball, 6M, EV 83.1 MPH)
|
Top of the 3rd over - 0 runs, 0 hits, 0 errors, 1 left on base; Bristol 1 - Philadelphia (APP) 2 |
BOTTOM OF THE 3RD |
Philadelphia (APP) Phillies batting - Pitching for Bristol Pirates : RHP Joe Simanton
|
Batting: SHB Marco de Leon
|
0-0: Ball 1-0: Called Strike 1-1: Foul Ball, location: 2F 1-2: Ball 2-2: Ball 3-2: Fly out, F8 (Line Drive, 8LD, EV 97.5 MPH)
|
Batting: RHB Mike Bell
|
0-0: Ball 1-0: Ball 2-0: Swinging Strike 2-1: Foul Ball, location: 2F 2-2: Foul Ball, location: 2F 2-2: Foul Ball, location: 2F 2-2: Strikes out swinging
|
Batting: RHB Eduardo Calderon
|
0-0: Ball 1-0: Foul Ball, location: 2F 1-1: Fly out, F7 (Line Drive, 7S, EV 103.1 MPH)
|
Bottom of the 3rd over - 0 runs, 0 hits, 0 errors, 0 left on base; Bristol 1 - Philadelphia (APP) 2 |
TOP OF THE 4TH |
Bristol Pirates batting - Pitching for Philadelphia (APP) Phillies : RHP Si-dao Xia
|
Batting: RHB Etsuro Hosokawa
|
0-0: Ball 1-0: Called Strike 1-1: Ball 2-1: Ball 3-1: Called Strike 3-2: Base on Balls
|
Batting: LHB Tomohiro Yokoyama
|
0-0: Ball 1-0: Ball Etsuro Hosokawa steals 2nd base 2-0: Ball 3-0: Called Strike 3-1: Base on Balls
|
Batting: RHB Jaime Dubicki
|
0-0: Ball 1-0: Swinging Strike 1-1: Foul Ball, location: 2F 1-2: Foul Ball, location: 2F 1-2: Fielders Choice at 2nd, 5-4 (Groundball, 56, EV 84.4 MPH) Etsuro Hosokawa to third
|
Batting: LHB Joe Wise
|
0-0: Fly out, F9 (Line Drive, 9, EV 95.6 MPH)
|
Batting: RHB Andrew DeRicco
|
0-0: Ball 1-0: Foul Ball, location: 2F 1-1: Ball Wild Pitch! Etsuro Hosokawa scores Jaime Dubicki to second 2-1: Foul Ball, location: 2F 2-2: Ball 3-2: Ground out 5-3 (Groundball, 56S, EV 85.0 MPH)
|
Top of the 4th over - 1 run, 0 hits, 0 errors, 1 left on base; Bristol 2 - Philadelphia (APP) 2 |
BOTTOM OF THE 4TH |
Philadelphia (APP) Phillies batting - Pitching for Bristol Pirates : RHP Joe Simanton
|
Batting: RHB Danny Habermehl
|
0-0: Called Strike 0-1: Ball 1-1: Swinging Strike 1-2: Ball 2-2: Foul Ball, location: 2F 2-2: Ball 3-2: Base on Balls
|
Batting: RHB Gary Sampson
|
0-0: Ball 1-0: Swinging Strike 1-1: Ball 2-1: Fly out, F9 (Flyball, 89D, EV 96.2 MPH)
|
Batting: RHB Juan Valadez
|
0-0: SINGLE (Groundball, 6MD, EV 105.6 MPH) Danny Habermehl to second Runner from 2nd tries for 3rd, SAFE, throw by CF made to third
|
Batting: RHB Allen Deschamps
|
0-0: Called Strike 0-1: Ball 1-1: Foul Ball, location: 2F 1-2: Ball 2-2: DOUBLE (Line Drive, 9LM, EV 103.1 MPH) Danny Habermehl scores Juan Valadez to third Runner from 3rd tries for Home, SAFE, no throw by RF
|
Batting: LHB Jonathan Roman
|
0-0: Ground out U3 (Groundball, 3S, EV 88.1 MPH) Allen Deschamps to third
|
Batting: LHB Matt Urbanek
|
0-0: Ball 1-0: Called Strike 1-1: Foul Ball, location: 2F 1-2: Ball 2-2: Ball 3-2: Base on Balls
|
Batting: SHB Marco de Leon
|
0-0: Ball 1-0: Called Strike 1-1: Swinging Strike 1-2: Ball 2-2: Ball 3-2: Foul Ball, location: 2F 3-2: Base on Balls Matt Urbanek to second
|
Batting: RHB Mike Bell
|
0-0: Ball 1-0: Foul Ball, location: 2F 1-1: Swinging Strike 1-2: Ball 2-2: Foul Ball, location: 2F 2-2: Strikes out looking
|
Bottom of the 4th over - 2 runs, 2 hits, 0 errors, 3 left on base; Bristol 2 - Philadelphia (APP) 4 |
TOP OF THE 5TH |
Bristol Pirates batting - Pitching for Philadelphia (APP) Phillies : RHP Si-dao Xia
|
Batting: RHB Gilberto Victoria
|
0-0: Ball 1-0: Ball 2-0: Swinging Strike 2-1: Ball 3-1: Called Strike 3-2: Foul Ball, location: 2F 3-2: Base on Balls
|
Pitching: RHP Josh Howell
|
|
Batting: RHB Pete Hutton
|
0-0: Ball 1-0: Ball 2-0: Swinging Strike 2-1: Ball 3-1: Fly out, F8 (Flyball, 8LS, EV 86.2 MPH)
|
Batting: RHB Randy Bergman
|
0-0: Fly out, F2 (Popup, 23F, EV 83.8 MPH)
|
Batting: LHB Randy Boone
|
0-0: Ball 1-0: Called Strike 1-1: Ball 2-1: Ball 3-1: Base on Balls Gilberto Victoria to second
|
Batting: RHB Etsuro Hosokawa
|
0-0: Foul Ball, location: 2F 0-1: Ball 1-1: Called Strike 1-2: Ball 2-2: Ball 3-2: Foul Ball, location: 2F 3-2: Foul Ball, location: 2F 3-2: Foul Ball, location: 2F 3-2: Fly out, F8 (Flyball, 8LD, EV 91.2 MPH)
|
Top of the 5th over - 0 runs, 0 hits, 0 errors, 2 left on base; Bristol 2 - Philadelphia (APP) 4 |
BOTTOM OF THE 5TH |
Philadelphia (APP) Phillies batting - Pitching for Bristol Pirates : RHP Joe Simanton
|
Batting: RHB Eduardo Calderon
|
0-0: Ground out 5-3 (Groundball, 56S, EV 85.0 MPH)
|
Batting: RHB Danny Habermehl
|
0-0: Foul Ball, location: 2F 0-1: Called Strike 0-2: Ball 1-2: Single, Error in OF, E7, batter to second base (Line Drive, 56D, EV 99.4 MPH)
|
Batting: RHB Gary Sampson
|
0-0: TRIPLE (Flyball, 78XD, EV 105.0 MPH) Danny Habermehl scores
|
Batting: RHB Juan Valadez
|
0-0: Called Strike 0-1: Ball 1-1: Ground out 5-3 (Groundball, 56, EV 85.6 MPH) Gary Sampson scores
|
Batting: RHB Allen Deschamps
|
0-0: Ball 1-0: Called Strike 1-1: Ground out 6-3 (Groundball, 6, EV 87.5 MPH)
|
Bottom of the 5th over - 2 runs, 2 hits, 1 error, 0 left on base; Bristol 2 - Philadelphia (APP) 6 |
TOP OF THE 6TH |
Bristol Pirates batting - Pitching for Philadelphia (APP) Phillies : RHP Josh Howell
|
Batting: LHB Tomohiro Yokoyama
|
0-0: Ball 1-0: Ball 2-0: Ball 3-0: Called Strike 3-1: Base on Balls
|
Batting: RHB Jaime Dubicki
|
0-0: Ball 1-0: Ball 2-0: Ball 3-0: Called Strike 3-1: Base on Balls Tomohiro Yokoyama to second
|
Batting: LHB Joe Wise
|
0-0: Ball 1-0: Ball 2-0: Ball 3-0: Swinging Strike 3-1: Base on Balls Tomohiro Yokoyama to third Jaime Dubicki to second
|
Batting: RHB Andrew DeRicco
|
0-0: Called Strike 0-1: Called Strike 0-2: Ball 1-2: Strikes out swinging
|
Batting: RHB Gilberto Victoria
|
0-0: Ball 1-0: Called Strike 1-1: Fly out, F8 (Flyball, 8LXD, EV 111.2 MPH) Runner from 3rd tags up, SCORES, no throw by CF
|
Batting: RHB Pete Hutton
|
0-0: Hit by Pitch Jaime Dubicki to third Joe Wise to second
|
Batting: RHB Randy Bergman
|
0-0: Swinging Strike 0-1: Ball 1-1: Called Strike 1-2: Fly out, F9 (Flyball, 9S, EV 93.1 MPH)
|
Top of the 6th over - 1 run, 0 hits, 0 errors, 3 left on base; Bristol 3 - Philadelphia (APP) 6 |
BOTTOM OF THE 6TH |
Philadelphia (APP) Phillies batting - Pitching for Bristol Pirates : RHP Joe Simanton
|
Pitching: LHP Norm Silveira-Wray
|
|
Batting: LHB Jonathan Roman
|
0-0: Called Strike 0-1: Swinging Strike 0-2: Ball 1-2: Ground out 3-1 (Groundball, 34, EV 91.9 MPH)
|
Batting: LHB Matt Urbanek
|
0-0: Ground out 6-3 (Groundball, 6, EV 85.0 MPH)
|
Batting: SHB Marco de Leon
|
0-0: Ball 1-0: Foul Ball, location: 2F 1-1: Swinging Strike 1-2: Foul Ball, location: 2F 1-2: Ground out 1-3 (Groundball, 13S, EV 74.4 MPH)
|
Bottom of the 6th over - 0 runs, 0 hits, 0 errors, 0 left on base; Bristol 3 - Philadelphia (APP) 6 |
TOP OF THE 7TH |
Bristol Pirates batting - Pitching for Philadelphia (APP) Phillies : RHP Josh Howell
|
Pitching: RHP Dusty DuPont
|
|
Batting: LHB Randy Boone
|
0-0: Called Strike 0-1: Swinging Strike 0-2: Ball 1-2: Foul Ball, location: 2F 1-2: Foul Ball, location: 2F 1-2: Strikes out swinging
|
Batting: RHB Etsuro Hosokawa
|
0-0: Called Strike 0-1: Swinging Strike 0-2: Fly out, F8 (Flyball, 8LS, EV 84.4 MPH)
|
Batting: LHB Tomohiro Yokoyama
|
0-0: Ball 1-0: Ball 2-0: Called Strike 2-1: Ball 3-1: Foul Ball, location: 2F 3-2: Strikes out looking
|
Top of the 7th over - 0 runs, 0 hits, 0 errors, 0 left on base; Bristol 3 - Philadelphia (APP) 6 |
BOTTOM OF THE 7TH |
Philadelphia (APP) Phillies batting - Pitching for Bristol Pirates : LHP Norm Silveira-Wray
|
Batting: RHB Mike Bell
|
0-0: Ball 1-0: Swinging Strike 1-1: Ball 2-1: Ball 3-1: SINGLE (Groundball, 56D, EV 106.9 MPH)
|
Batting: RHB Eduardo Calderon
|
0-0: Ball 1-0: Foul Ball, location: 2F 1-1: Fly out, F7 (Flyball, 7LS, EV 78.8 MPH)
|
Batting: RHB Danny Habermehl
|
0-0: Ball 1-0: Ball 2-0: SINGLE (Groundball, 6D, EV 106.9 MPH) Mike Bell to second
|
Batting: RHB Gary Sampson
|
0-0: Called Strike 0-1: Ball 1-1: Ball 2-1: Swinging Strike 2-2: Ball Passed Ball! Mike Bell to third Danny Habermehl to second 3-2: Strikes out looking
|
Batting: RHB Juan Valadez
|
0-0: Ball 1-0: Called Strike 1-1: Swinging Strike 1-2: Ball 2-2: Strikes out looking
|
Bottom of the 7th over - 0 runs, 2 hits, 0 errors, 2 left on base; Bristol 3 - Philadelphia (APP) 6 |
TOP OF THE 8TH |
Bristol Pirates batting - Pitching for Philadelphia (APP) Phillies : RHP Dusty DuPont
|
Batting: RHB Jaime Dubicki
|
0-0: Foul Ball, location: 2F 0-1: Called Strike 0-2: Strikes out swinging
|
Batting: LHB Joe Wise
|
0-0: Ball 1-0: Swinging Strike 1-1: Swinging Strike 1-2: Ball 2-2: Strikes out swinging
|
Batting: RHB Andrew DeRicco
|
0-0: Foul Ball, location: 2F 0-1: Ball 1-1: Foul Ball, location: 2F 1-2: Ball 2-2: Ground out 6-3 (Groundball, 6, EV 80.6 MPH)
|
Top of the 8th over - 0 runs, 0 hits, 0 errors, 0 left on base; Bristol 3 - Philadelphia (APP) 6 |
BOTTOM OF THE 8TH |
Philadelphia (APP) Phillies batting - Pitching for Bristol Pirates : LHP Norm Silveira-Wray
|
Batting: RHB Allen Deschamps
|
0-0: Ball 1-0: Ball 2-0: Swinging Strike 2-1: Ball 3-1: Base on Balls
|
Batting: LHB Jonathan Roman
|
0-0: Reached on error, E1 (Groundball, P, EV 43.8 MPH) Allen Deschamps to third
|
Batting: LHB Matt Urbanek
|
0-0: Ground out 6-3 (Groundball, 6, EV 84.4 MPH) Allen Deschamps scores Jonathan Roman to third
|
Batting: SHB Marco de Leon
|
0-0: Ball 1-0: Ball Steal of home, Jonathan Roman is safe 2-0: Ball 3-0: Base on Balls
|
Batting: RHB Mike Bell
|
0-0: Fielders Choice at 2nd, 4-6 (Groundball, 4MD, EV 108.8 MPH)
|
Batting: RHB Eduardo Calderon
|
0-0: Foul Ball, location: 2F 0-1: Ball 1-1: Called Strike 1-2: DOUBLE (Line Drive, 78M, EV 95.0 MPH) Mike Bell to third Runner from 3rd tries for Home, SAFE, throw by LF to trailing runner, SAFE at third!
|
Batting: RHB Danny Habermehl
|
0-0: Ball Wild Pitch! Eduardo Calderon scores 1-0: Foul Ball, location: 2F 1-1: Foul Ball, location: 2F 1-2: SINGLE (Flyball, 9LS, EV 94.4 MPH)
|
Batting: RHB Gary Sampson
|
0-0: Called Strike 0-1: Ball 1-1: Foul Ball, location: 2F 1-2: Ball 2-2: Ball 3-2: Foul Ball, location: 2F 3-2: Hit by Pitch Danny Habermehl to second
|
Batting: RHB Juan Valadez
|
0-0: Ball 1-0: Foul Ball, location: 2F 1-1: Ball 2-1: SINGLE (Groundball, 6M, EV 85.0 MPH) (infield hit) Danny Habermehl to third Gary Sampson to second
|
Pitching: RHP Perry Dominey
|
|
Batting: RHB Allen Deschamps
|
0-0: Swinging Strike 0-1: Ball Wild Pitch! Danny Habermehl scores Gary Sampson to third Juan Valadez to second Balk! Gary Sampson scores Juan Valadez to third 1-1: Foul Ball, location: 2F 1-2: Ball 2-2: DOUBLE (Line Drive, 3D, EV 105.0 MPH) Juan Valadez scores
|
Batting: LHB Jonathan Roman
|
0-0: Ball 1-0: Ball 2-0: Foul Ball, location: 2F 2-1: Foul Ball, location: 2F 2-2: Fly out, F7 (Line Drive, 7, EV 89.4 MPH)
|
Bottom of the 8th over - 7 runs, 4 hits, 1 error, 1 left on base; Bristol 3 - Philadelphia (APP) 13 |
TOP OF THE 9TH |
Bristol Pirates batting - Pitching for Philadelphia (APP) Phillies : RHP Dusty DuPont
|
Batting: RHB Gilberto Victoria
|
0-0: Ball 1-0: Ball 2-0: Called Strike 2-1: Ground out U3 (Groundball, 34, EV 81.2 MPH)
|
Batting: RHB Pete Hutton
|
0-0: Ball 1-0: Ball 2-0: Foul Ball, location: 2F 2-1: Ground out 4-3 (Groundball, 4M, EV 92.5 MPH)
|
Batting: RHB Randy Bergman
|
0-0: DOUBLE (Line Drive, 7LS, EV 98.8 MPH)
|
Batting: LHB Randy Boone
|
0-0: Ball 1-0: Ball 2-0: Ball 3-0: Called Strike 3-1: Ground out 4-3 (Groundball, 4S, EV 81.9 MPH)
|
Top of the 9th over - 0 runs, 1 hit, 0 errors, 1 left on base; Bristol 3 - Philadelphia (APP) 13 |
|